Unix NetHack Version 3.7.0-59 Work-in-progress - last build May 25 2022 12:07:00 (5f964a4ca35ee0fc00824f52a09306978f6a0dc5,branch:master). Game began 2022-05-22 19:48:20, ended 2022-05-26 17:38:32. spontiff, neutral male gnomish Healer ----- ------- |...------ --|.....| |.......*| |.+.....| |........| |-|.....|-- -------.---- |.+.....+.| |.0.......-- |-|.....|.| |..........| |.+.....|.| |....*.....| --|.....|.| -----.-------- ------|.| |...........0| |.| |............| |.| --------.----| |.| |.....aa....| |.| |....f@0....| |.| -------e------ |.| |.......----------------.| |>....r..............^^^.| -------------------------- Spontiff the Rhizotomist St:16 Dx:8 Co:18 In:7 Wi:16 Ch:18 Neutral S:600 Dlvl:4 $:2 HP:0(23) Pw:6(6) AC:-13 Xp:1/0 T:23017 Latest messages: The large cat drops a rock. The large cat picks up a rock. The large cat bites the housecat. The housecat bites the large cat. The large cat drops a rock. The large cat bites the housecat. The large cat picks up a rock. What do you want to use or apply? [aei-kostwxzJN or ?*] s In what direction? y Status of the housecat (neutral): Level 5 HP 8(20) AC 5, peaceful. The large cat drops a rock. With great effort you move the boulder. You hear some noises in the distance. The large cat misses the housecat. The large cat misses it. The large cat bites the housecat. The housecat is killed! What do you want to use or apply? [aei-kostwxzJN or ?*] s In what direction? b The invisible monster must have moved. You hear nothing special. You begin bashing monsters with your gloved hands. You hit the floating eye. You are frozen by the floating eye's gaze! The large cat picks up a rock. The large cat drops a rock. The large cat picks up a rock. The large cat drops a rock. The large cat bites the floating eye. The large cat bites the floating eye. The large cat bites the floating eye. The large cat is frozen by the floating eye's gaze! The soldier ant misses! The soldier ant misses! The soldier ant bites! The soldier ant stings! The soldier ant misses! The soldier ant misses! You hear a sound reminiscent of an elephant stepping on a peanut. The soldier ant bites! The soldier ant misses! The soldier ant bites! The soldier ant stings! The soldier ant bites! The soldier ant misses! The soldier ant misses! The soldier ant stings! You die... Do you want your possessions identified? [ynq] (y) y Do you want to see the dungeon overview? [ynq] (y) y Major events: Turn 1: spontiff the neutral male gnomish Healer entered the dungeon 2674: entered the Gnomish Mines 4581: entered Sokoban 7350: reached Mine Town 11353: completed sokoban 1 12514: completed sokoban 2 13238: completed sokoban 3 23017: killed by a soldier ant, while frozen by a floating eye's gaze Inventory: Coins $ - 2 gold pieces Weapons W - an uncursed +0 dart Armor h - a blessed +0 elven leather helm (being worn) g - an uncursed +1 pair of leather gloves (being worn) v - an uncursed +0 pair of high boots (being worn) r - an uncursed +0 small shield (being worn) q - an uncursed +0 elven cloak (being worn) Q - an uncursed +1 mummy wrapping d - an uncursed +2 studded leather armor (being worn) Comestibles y - an uncursed apple n - 4 uncursed food rations B - 2 uncursed pancakes p - an uncursed tripe ration u - 2 uncursed lichen corpses Scrolls I - an uncursed scroll of identify T - a blessed scroll of teleportation Spellbooks N - an uncursed spellbook of confuse monster i - an uncursed spellbook of haste self a - an uncursed spellbook of light Rings R - an uncursed ring of slow digestion (on right hand) Tools z - an uncursed leash w - an uncursed mirror x - an uncursed oil lamp e - an uncursed +0 pick-axe k - an uncursed skeleton key s - an uncursed stethoscope o - an uncursed tin whistle J - an uncursed tinning kit (0:89) t - an uncursed towel named PoSl Ty Gems/Stones E - an uncursed topaz stone l - an uncursed luckstone j - an uncursed touchstone Spontiff the Healer's attributes: Background: You were a Rhizotomist, a level 1 male gnomish Healer. You were neutral, on a mission for Hermes who was opposed by Athena (lawful) and Poseidon (chaotic). You were in Sokoban, on level 4. You entered the dungeon 23017 turns ago. You had 0 experience points, 20 were needed to attain level 2. Your score was 600 before end-of-game adjustments. Basics: You had 0 out of 23 hit points. You had all 6 energy points (spell power). Your armor class was -13. Your wallet contained 2 zorkmids. Autopickup was on for '$!/="?' plus thrown, with exceptions. Final Characteristics: Your strength was 16 (limit:18/50). Your dexterity was 8 (peak:9, limit:18). Your constitution was 18 (limit:18). Your intelligence was 7 (limit:19). Your wisdom was 16 (limit:18). Your charisma was 18 (limit:18). Final Status: You were not hungry. You were unencumbered. You were empty handed. You were unskilled in bare handed combat. Final Attributes: You were piously aligned. You were sleep resistant. You were poison resistant. You were telepathic. You had infravision. You were stealthy. You had slower digestion. You had a large defense bonus (+11). You were warded. You were unlucky. You had extra luck. Bad luck did not time out for you. Good luck did not time out for you. You are dead. Miscellaneous: You never encountered a bones level. Total elapsed playing time was 7 hours, 53 minutes and 48 seconds. Vanquished creatures: a large mimic a small mimic 4 watchmen a chameleon a wolf a leprechaun an iron piercer 3 gnome rulers a gold golem 3 dingoes 3 housecats 3 dwarf leaders 2 ravens a snake a Woodland-elf 4 soldier ants a bugbear 2 wood nymphs 3 water nymphs 3 mountain nymphs 4 Uruk-hai 3 rock piercers 4 rock moles 6 ponies 3 fog clouds 5 yellow lights 2 shriekers a violet fungus 7 gnome leaders 2 gnomish wizards 3 kobold mummies a black naga hatchling 2 gray oozes 2 elf zombies a ghoul 5 straw golems 6 giant ants 5 little dogs 3 floating eyes 2 kittens 24 dwarves a homunculus 4 kobold leaders 4 kobold shamans 6 hill orcs 13 rothes 2 rabid rats 4 giant bats 5 monkeys 3 orc zombies 2 wererats 2 werejackals 20 iguanas 10 killer bees 9 acid blobs 7 coyotes 3 gas spores 10 hobbits 2 manes 7 large kobolds 3 hobgoblins 9 giant rats 7 cave spiders 2 brown molds 3 yellow molds 3 green molds 15 gnomes 3 garter snakes 4 gnome zombies 19 geckos 22 jackals 7 foxes 6 kobolds 9 goblins 12 sewer rats 21 grid bugs 2 bats 25 lichens 4 kobold zombies 31 newts 452 creatures vanquished. No species were genocided or became extinct. Voluntary challenges: You never hit with a wielded weapon. You were a pacifist. You read items or engraved 7 times. You engraved Elbereth 1 time. You never genocided any monsters. You never polymorphed an object. You never changed form. You used no wishes. You violated the special Sokoban rules 7 times. Achievements: You entered a shop. You entered the Gnomish Mines. You entered Sokoban. You entered Minetown. You entered a temple. The Dungeons of Doom: levels 1 to 10 Level 1: Level 2: "Stashlet" A scroll shop. Level 3: A general store, some fountains. Level 4: A general store, a fountain. Stairs down to The Gnomish Mines. Level 5: "magic trap" Level 6: "iron bars" A fountain. Level 7: Many fountains. Oracle of Delphi. Level 8: A wand shop, some fountains. Stairs up to Sokoban, level 7. Level 9: "vault" Some fountains. Level 10: A fountain. The Gnomish Mines: levels 5 to 13 Level 5: Level 6: Level 7: Many shops, a temple, some fountains, a sink. Level 8: Level 9: Level 10: "magic trap" Level 11: Level 12: Level 13: "Flayer about!" A fountain. Sokoban: levels 7 up to 4 Level 4: <- You were here. Unsolved. Final resting place for you, killed by a soldier ant, while frozen by a floating eye's gaze. Level 5: Solved. Level 6: Solved. Level 7: Solved. Game over: ---------- / \ / REST \ / IN \ / PEACE \ / \ | spontiff | | 2 Au | | killed by a | | soldier ant | | | | | | 2022 | *| * * * | * _________)/\\_//(\/(/\)/\//\/|_)_______ Goodbye spontiff the Healer... You died in Sokoban on dungeon level 4 with 600 points, and 2 pieces of gold, after 23017 moves. You were level 1 with a maximum of 23 hit points when you died.